3AAA
SUNSET DISTRICT FOG @ SIOUX FALLS RED PANDAS
08/01/2020
 
TOP OF THE 1ST
Sunset District Fog batting - Pitching for Sioux Falls Red Pandas : RHP Juan Torres
Pitching: RHP Juan Torres
Batting: RHB Roberto Andrade 0-0: Fly out, F9 (Flyball, 9S)
Batting: SHB Al Anderson 0-0: Ball
1-0: Foul Ball, location: 2F
1-1: Ball
2-1: Fly out, F7 (Flyball, 78S)
Batting: LHB Todd Williams 0-0: Foul Ball, location: 2F
0-1: Foul Ball, location: 2F
0-2: Foul Ball, location: 2F
0-2: Ball
1-2: Ground out 4-3 (Groundball, 4)
Top of the 1st over - 0 run(s), 0 hit(s), 0 error(s), 0 left on base; Sunset District 0 - Sioux Falls 0
BOTTOM OF THE 1ST
Sioux Falls Red Pandas batting - Pitching for Sunset District Fog : RHP Kent Clement
Pitching: RHP Kent Clement
Batting: RHB Dan Hart 0-0: Bunted foul
0-1: Swinging Strike
0-2: Ball
1-2: Ball
2-2: Strikes out swinging
Batting: RHB Domenic Gallard 0-0: Ball
1-0: Ball
2-0: Ball
3-0: Called Strike
3-1: Ground out 5-3 (Groundball, 56S)
Batting: RHB Bob Wilson 0-0: Called Strike
0-1: Foul Ball, location: 2F
0-2: Strikes out swinging
Bottom of the 1st over - 0 run(s), 0 hit(s), 0 error(s), 0 left on base; Sunset District 0 - Sioux Falls 0
TOP OF THE 2ND
Sunset District Fog batting - Pitching for Sioux Falls Red Pandas : RHP Juan Torres
Batting: RHB Gabriel Maldonado 0-0: DOUBLE (Line Drive, 78S)
Batting: LHB David Hunt 0-0: Called Strike
0-1: Ball
1-1: Reached on error, E4 (Groundball, 34)
Gabriel Maldonado to third
Batting: RHB Jim Lee 0-0: Ball
1-0: Fly out, F9 (Line Drive, 9M)
Runner from 3rd tags up, SCORES, throw made
Batting: RHB Luis Silva 0-0: Ball
1-0: Swinging Strike
1-1: Ball
2-1: Ball
3-1: SINGLE (Groundball, 34D)
David Hunt to second
Batting: RHB Rafael Najcrea 0-0: Called Strike
0-1: Ball
1-1: Swinging Strike
1-2: Strikes out swinging
Batting: LHB Ron Frazier 0-0: Ball
1-0: Called Strike
1-1: Swinging Strike
1-2: Ball
2-2: Fielders Choice at 2nd, U6 (Groundball, 6M)
Top of the 2nd over - 1 run(s), 2 hit(s), 1 error(s), 2 left on base; Sunset District 1 - Sioux Falls 0
BOTTOM OF THE 2ND
Sioux Falls Red Pandas batting - Pitching for Sunset District Fog : RHP Kent Clement
Batting: RHB Randy Tucker 0-0: Ground out 5-3 (Groundball, 6S)
Batting: RHB Kelly Reed 0-0: Called Strike
0-1: Ball
1-1: Ball
2-1: Foul Ball, location: 2F
2-2: Strikes out swinging
Batting: LHB Thomas Campbell 0-0: Ball
1-0: Foul Ball, location: 2F
1-1: Foul Ball, location: 2F
1-2: Ground out 6-3 (Groundball, 6M)
Bottom of the 2nd over - 0 run(s), 0 hit(s), 0 error(s), 0 left on base; Sunset District 1 - Sioux Falls 0
TOP OF THE 3RD
Sunset District Fog batting - Pitching for Sioux Falls Red Pandas : RHP Juan Torres
Batting: RHB Roberto Andrade 0-0: Ball
1-0: DOUBLE (Line Drive, 7LD)
Batting: SHB Al Anderson 0-0: Ball
1-0: Foul Ball, location: 2F
1-1: Called Strike
1-2: Foul Ball, location: 2F
1-2: Ball
2-2: Foul Ball, location: 2F
2-2: Strikes out swinging
Batting: LHB Todd Williams 0-0: Ball
1-0: Foul Ball, location: 2F
1-1: Called Strike
1-2: Ball
Passed Ball!
Roberto Andrade to third
2-2: DOUBLE (Flyball, 9LS)
Roberto Andrade scores
Batting: RHB Gabriel Maldonado 0-0: Fly out, F8 (Flyball, 8RXD)
Runner from 2nd tags up, SAFE at 3rd, no throw
Batting: LHB David Hunt 0-0: Fly out, F2 (Popup, 2LF)
Top of the 3rd over - 1 run(s), 2 hit(s), 0 error(s), 1 left on base; Sunset District 2 - Sioux Falls 0
BOTTOM OF THE 3RD
Sioux Falls Red Pandas batting - Pitching for Sunset District Fog : RHP Kent Clement
Batting: RHB Juan Garza 0-0: Foul Ball, location: 2F
0-1: Called Strike
0-2: Strikes out swinging
Batting: LHB Don Sullivan 0-0: Ball
1-0: Ball
2-0: Ball
3-0: Called Strike
3-1: Base on Balls
Batting: RHB Jorge Quezada 0-0: Ball
Don Sullivan steals 2nd base
1-0: Ball
2-0: Fly out, F8 (Popup, 8RS)
Batting: RHB Dan Hart 0-0: Swinging Strike
0-1: Ground out 6-3 (Groundball, 6)
Bottom of the 3rd over - 0 run(s), 0 hit(s), 0 error(s), 1 left on base; Sunset District 2 - Sioux Falls 0
TOP OF THE 4TH
Sunset District Fog batting - Pitching for Sioux Falls Red Pandas : RHP Juan Torres
Batting: RHB Jim Lee 0-0: Bunt for hit - play at first, batter OUT! 1-3
Batting: RHB Luis Silva 0-0: Foul Ball, location: 2F
0-1: Ball
1-1: Called Strike
1-2: Strikes out swinging
Batting: RHB Rafael Najcrea 0-0: Ball
1-0: Ball
2-0: Called Strike
2-1: Ball
3-1: Base on Balls
Batting: LHB Ron Frazier 0-0: Ball
1-0: Foul Ball, location: 2F
1-1: Ball
2-1: SINGLE (Line Drive, 56D)
Rafael Najcrea to second
Batting: RHB Roberto Andrade 0-0: Called Strike
0-1: Foul Ball, location: 2F
0-2: Ball
1-2: Ground out 1-3 (Groundball, 13S)
Top of the 4th over - 0 run(s), 1 hit(s), 0 error(s), 2 left on base; Sunset District 2 - Sioux Falls 0
BOTTOM OF THE 4TH
Sioux Falls Red Pandas batting - Pitching for Sunset District Fog : RHP Kent Clement
Batting: RHB Domenic Gallard 0-0: Called Strike
0-1: Foul Ball, location: 2F
0-2: Strikes out swinging
Batting: RHB Bob Wilson 0-0: Called Strike
0-1: Swinging Strike
0-2: Ball
1-2: Ball
2-2: Strikes out swinging
Batting: RHB Randy Tucker 0-0: Called Strike
0-1: Ball
1-1: Called Strike
1-2: Ball
2-2: Fly out, F6 (Line Drive, 6M)
Bottom of the 4th over - 0 run(s), 0 hit(s), 0 error(s), 0 left on base; Sunset District 2 - Sioux Falls 0
TOP OF THE 5TH
Sunset District Fog batting - Pitching for Sioux Falls Red Pandas : RHP Juan Torres
Batting: SHB Al Anderson 0-0: Ground out 4-3 (Groundball, 4)
Batting: LHB Todd Williams 0-0: Called Strike
0-1: Ball
1-1: Called Strike
1-2: Strikes out looking
Batting: RHB Gabriel Maldonado 0-0: Ball
1-0: Ball
2-0: Called Strike
2-1: Ball
3-1: Called Strike
3-2: Base on Balls
Batting: LHB David Hunt 0-0: Swinging Strike
0-1: Fly out, F6 (Popup, 6MD)
Top of the 5th over - 0 run(s), 0 hit(s), 0 error(s), 1 left on base; Sunset District 2 - Sioux Falls 0
BOTTOM OF THE 5TH
Sioux Falls Red Pandas batting - Pitching for Sunset District Fog : RHP Kent Clement
Batting: RHB Kelly Reed 0-0: Called Strike
0-1: Called Strike
0-2: Foul Ball, location: 2F
0-2: DOUBLE (Flyball, 89M)
Batting: LHB Thomas Campbell 0-0: Ball
1-0: Ground out 6-3 (Groundball, 6)
Batting: RHB Juan Garza 0-0: Ball
1-0: Swinging Strike
1-1: Fly out, F7 (Flyball, 78M)
Batting: LHB Don Sullivan 0-0: Fly out, F9 (Flyball, 9M)
Bottom of the 5th over - 0 run(s), 1 hit(s), 0 error(s), 1 left on base; Sunset District 2 - Sioux Falls 0
TOP OF THE 6TH
Sunset District Fog batting - Pitching for Sioux Falls Red Pandas : RHP Juan Torres
Batting: RHB Jim Lee 0-0: Ball
1-0: Ball
2-0: Ball
3-0: Base on Balls
Batting: RHB Luis Silva 0-0: Bunted foul
0-1: Bunted foul
0-2: Ball
1-2: Ball
2-2: Foul Ball, location: 2F
2-2: Ball
3-2: Base on Balls
Jim Lee to second
Batting: RHB Rafael Najcrea 0-0: Called Strike
0-1: Bunted foul
0-2: Foul Ball, location: 2F
0-2: Ball
1-2: Fly out, F8 (Flyball, 8LM)
Batting: LHB Ron Frazier 0-0: SINGLE (Groundball, 34D)
Jim Lee to third
Luis Silva to second
Runner from 3rd tries for Home, SAFE, no throw or cutoff
Batting: RHB Roberto Andrade 0-0: Foul Ball, location: 2F
0-1: Ball
1-1: Ball
2-1: Ball
3-1: Base on Balls
Luis Silva to third
Ron Frazier to second
Batting: SHB Al Anderson 0-0: Ball
1-0: Called Strike
1-1: Called Strike
1-2: Ball
2-2: Foul Ball, location: 2F
2-2: Strikes out swinging
Pitching: RHP Steven Jones
Batting: LHB Todd Williams 0-0: Called Strike
0-1: Ball
1-1: Foul Ball, location: 2F
1-2: Ball
2-2: Foul Ball, location: 2F
2-2: Ball
3-2: Base on Balls
Luis Silva scores
Ron Frazier to third
Roberto Andrade to second
Batting: RHB Gabriel Maldonado 0-0: Ball
1-0: GRAND SLAM HOME RUN (Flyball, 78XD) (Inside the Park)
Batting: LHB David Hunt 0-0: SINGLE (Groundball, 34S)
Batting: RHB Jim Lee 0-0: Ball
1-0: Ball
2-0: Ball
3-0: Base on Balls
David Hunt to second
Batting: RHB Luis Silva 0-0: Ball
1-0: Called Strike
1-1: Called Strike
1-2: Ball
2-2: Foul Ball, location: 2F
2-2: Ball
3-2: Base on Balls
David Hunt to third
Jim Lee to second
Batting: RHB Rafael Najcrea 0-0: Ball
1-0: Ball
2-0: Ball
3-0: Base on Balls
David Hunt scores
Jim Lee to third
Luis Silva to second
Pitching: RHP Jim Johnstone
Batting: LHB Ron Frazier 0-0: Ball
1-0: Foul Ball, location: 2F
1-1: Swinging Strike
1-2: Strikes out looking
Top of the 6th over - 7 run(s), 3 hit(s), 0 error(s), 3 left on base; Sunset District 9 - Sioux Falls 0
BOTTOM OF THE 6TH
Sioux Falls Red Pandas batting - Pitching for Sunset District Fog : RHP Kent Clement
Batting: RHB Jorge Quezada 0-0: Ball
1-0: Ball
2-0: Fly out, F8 (Flyball, 8LS)
Batting: RHB Dan Hart 0-0: Ball
1-0: Ball
2-0: Foul Ball, location: 2F
2-1: Ball
3-1: Swinging Strike
3-2: Base on Balls
Batting: RHB Domenic Gallard 0-0: Ball
1-0: Called Strike
1-1: Swinging Strike
1-2: Strikes out swinging
Dan Hart is caught stealing 2nd base
Batter strikes out.
Bottom of the 6th over - 0 run(s), 0 hit(s), 0 error(s), 0 left on base; Sunset District 9 - Sioux Falls 0
TOP OF THE 7TH
Sunset District Fog batting - Pitching for Sioux Falls Red Pandas : RHP Jim Johnstone
Batting: RHB Roberto Andrade 0-0: Ball
1-0: Ball
2-0: Called Strike
2-1: SINGLE (Line Drive, 89S)
Batting: SHB Al Anderson 0-0: Ball
1-0: Swinging Strike
1-1: Foul Ball, location: 2F
1-2: Ball
2-2: SINGLE (Line Drive, 4D)
Roberto Andrade to second
Batting: LHB Todd Williams 0-0: Ball
1-0: Foul Ball, location: 2F
1-1: Foul Ball, location: 2F
1-2: Ball
2-2: Ball
3-2: Foul Ball, location: 2F
3-2: Base on Balls
Roberto Andrade to third
Al Anderson to second
Batting: RHB Gabriel Maldonado 0-0: Ball
1-0: Called Strike
1-1: SINGLE (Groundball, 56D)
Roberto Andrade scores
Al Anderson to third
Todd Williams to second
Batting: LHB David Hunt 0-0: Swinging Strike
0-1: Ball
1-1: Foul Ball, location: 2F
1-2: Ball
2-2: Ball
3-2: Strikes out looking
Batting: RHB Jim Lee 0-0: Ball
1-0: Ball
2-0: Foul Ball, location: 2F
2-1: Ball
3-1: Base on Balls
Al Anderson scores
Todd Williams to third
Gabriel Maldonado to second
Batting: RHB Luis Silva 0-0: Ball
1-0: Called Strike
1-1: Swinging Strike
1-2: Strikes out swinging
Batting: RHB Rafael Najcrea 0-0: Called Strike
0-1: Ball
1-1: Called Strike
1-2: Fly out, F1 (Line Drive, 13S)
Top of the 7th over - 2 run(s), 3 hit(s), 0 error(s), 3 left on base; Sunset District 11 - Sioux Falls 0
BOTTOM OF THE 7TH
Sioux Falls Red Pandas batting - Pitching for Sunset District Fog : RHP Kent Clement
Batting: RHB Bob Wilson 0-0: Fly out, F9 (Popup, 9S)
Batting: RHB Randy Tucker 0-0: Ball
1-0: Ball
2-0: DOUBLE (Line Drive, 89D)
Batting: RHB Kelly Reed 0-0: Ball
1-0: Ground out 4-3 (Groundball, 34)
Randy Tucker to third
Batting: LHB Thomas Campbell 0-0: Ball
1-0: Called Strike
1-1: Ground out U3 (Groundball, 3)
Bottom of the 7th over - 0 run(s), 1 hit(s), 0 error(s), 1 left on base; Sunset District 11 - Sioux Falls 0
TOP OF THE 8TH
Sunset District Fog batting - Pitching for Sioux Falls Red Pandas : RHP Jim Johnstone
Batting: LHB Ron Frazier 0-0: Ball
1-0: Called Strike
1-1: SINGLE (Groundball, 15) (infield hit)
Batting: RHB Roberto Andrade 0-0: Ball
1-0: Ball
2-0: Ball
3-0: Called Strike
3-1: Foul Ball, location: 2F
3-2: Base on Balls
Ron Frazier to second
Batting: SHB Al Anderson 0-0: Called Strike
0-1: Ball
1-1: Ball
2-1: Called Strike
2-2: Ball
3-2: Fielders Choice at 2nd, 3-6 (Groundball, 34)
Ron Frazier to third
Pitching: RHP Graham Wilson
Batting: LHB Todd Williams 0-0: Ball
1-0: Called Strike
1-1: Ball
2-1: Called Strike
2-2: Ground out 4-3 (Groundball, 34D)
Ron Frazier scores
Al Anderson to second
Batting: RHB Gabriel Maldonado 0-0: Ball
1-0: Called Strike
1-1: SINGLE (Line Drive, 56)
Al Anderson to third
Batting: LHB David Hunt 0-0: Foul Ball, location: 2F
0-1: Foul Ball, location: 2F
0-2: Ball
1-2: Strikes out swinging
Top of the 8th over - 1 run(s), 2 hit(s), 0 error(s), 2 left on base; Sunset District 12 - Sioux Falls 0
BOTTOM OF THE 8TH
Sioux Falls Red Pandas batting - Pitching for Sunset District Fog : RHP Kent Clement
Batting: RHB Juan Garza 0-0: Foul Ball, location: 2F
0-1: Ground out 5-3 (Groundball, 5S)
Batting: LHB Don Sullivan 0-0: Ball
1-0: Swinging Strike
1-1: Ball
2-1: Ball
3-1: Base on Balls
Batting: RHB Jorge Quezada 0-0: Ball
1-0: Foul Ball, location: 2F
1-1: Ball
2-1: Called Strike
2-2: Foul Ball, location: 2F
2-2: Ball
3-2: Strikes out swinging
Batting: RHB Dan Hart 0-0: Ball
1-0: Ground out 2-3 (Groundball, 2R)
Bottom of the 8th over - 0 run(s), 0 hit(s), 0 error(s), 1 left on base; Sunset District 12 - Sioux Falls 0
TOP OF THE 9TH
Sunset District Fog batting - Pitching for Sioux Falls Red Pandas : RHP Graham Wilson
Batting: RHB Jim Lee 0-0: Foul Ball, location: 2F
0-1: Ground out 5-3 (Groundball, 5)
Batting: RHB Luis Silva 0-0: Foul Ball, location: 2F
0-1: Ball
1-1: Ball
2-1: Called Strike
2-2: Ball
3-2: Strikes out looking
Batting: RHB Rafael Najcrea 0-0: Ball
1-0: Swinging Strike
1-1: Foul Ball, location: 2F
1-2: Ball
2-2: Strikes out swinging
Top of the 9th over - 0 run(s), 0 hit(s), 0 error(s), 0 left on base; Sunset District 12 - Sioux Falls 0
BOTTOM OF THE 9TH
Sioux Falls Red Pandas batting - Pitching for Sunset District Fog : RHP Kent Clement
Now at 3B: Michael Hart
Batting: RHB Domenic Gallard 0-0: Ball
1-0: Ball
2-0: Called Strike
2-1: Swinging Strike
2-2: Ground out 4-3 (Groundball, 4)
Batting: RHB Bob Wilson 0-0: Ground out 4-3 (Groundball, 4M)
Pinch Hitting: RHB Jim Unknown 0-0: Ball
1-0: Foul Ball, location: 2F
1-1: Ball
2-1: Ground out 1-3 (Groundball, 13)
Bottom of the 9th over - 0 run(s), 0 hit(s), 0 error(s), 0 left on base; Sunset District 12 - Sioux Falls 0
This league is powered by Out of the Park Baseball, the baseball management simulation game for PC, Mac and Linux
Friday, October 23rd, 2015 - OOTP Baseball 16.9 Build 39